 Dungeon Crawl Stone Soup version 0.27-a0-1325-g58a489ad9e (webtiles) character file.

Game seed: 3419272381632893732

262 HAL9000 the Sneak (level 6, -2/30 HPs)
             Began as a Vine Stalker Brigand on June 23, 2021.
             Succumbed to an orc wizard's poison
             ... on level 5 of the Dungeon on June 24, 2021.
             The game lasted 00:08:38 (3578 turns).

HAL9000 the Sneak (Vine Stalker Brigand)            Turns: 3578, Time: 00:08:38

Health: -2/30      AC:  8    Str: 14    XL:     6   Next: 18%
Magic:  4/7        EV: 11    Int: 12    God:
Gold:   188        SH:  0    Dex: 16    Spells: 5/5 levels left

rFire    . . .     SeeInvis .   a - +2 dagger
rCold    . . .     Faith    .   (no shield)
rNeg     . . .     Spirit   +   o - +2 leather armour {Will+}
rPois    .         Reflect  .   f - +0 helmet
rElec    .         Harm     .   c - +0 cloak
rCorr    .         Rampage  .   (no gloves)
Will     +....                  m - +0 pair of boots
Stlth    +++.......             (no amulet)
HPRegen  1.10/turn              (no ring)
MPRegen  0.10/turn              (no ring)

@: lethally poisoned (-2 -> -8)
A: fangs 2, regeneration 1, magic shield, antimagic bite, no potion heal 2
a: no special abilities


You were on level 5 of the Dungeon.
You visited 1 branch of the dungeon, and saw 5 of its levels.

You collected 188 gold pieces.

Inventory:

Hand Weapons
 a - a +2 dagger (weapon)
 s - the +2 falchion of the Girdle {freeze, *Rage rN+ Stlth+}
   (You found it on level 5 of the Dungeon)

   It has been specially enchanted to freeze those struck by it, causing extra
   injury to most foes and up to half again as much damage against particularly
   susceptible opponents.
   It can also slow down cold-blooded creatures.
   It protects you from negative energy.
   It may make you go berserk in combat.
   It makes you more stealthy.
Missiles
 d - 17 poisoned darts
 e - 2 curare-tipped darts
 r - 2 boomerangs (quivered)
Armour
 c - a +0 cloak (worn)
 f - a +0 helmet (worn)
 m - a +0 pair of boots (worn)
 o - a +2 leather armour of willpower (worn)
Jewellery
 n - a ring of ice
Scrolls
 g - 2 scrolls of immolation {unknown}
 h - 4 scrolls of identify {unknown}
 j - a scroll of acquirement {unknown}
 l - a scroll of amnesia {unknown}
 q - 2 scrolls of noise {unknown}
Potions
 b - a potion of berserk rage {unknown}
 i - 2 potions of mutation {unknown}
 p - 2 potions of lignification {unknown}


   Skills:
 - Level 1.7 Fighting
 + Level 4.4 Short Blades
 - Level 1.7 Throwing
 - Level 0.7 Dodging
 - Level 7.1 Stealth


You had 5 spell levels left.
You didn't know any spells.
Your spell library contained the following spells:

 Spells                   Type           Power      Damage    Failure   Level
 Apportation              Tloc           0%         N/A       38%         1
 Beastly Appendage        Tmut           0%         N/A       38%         1
 Corona                   Hex            0%         N/A       38%         1
 Shock                    Conj/Air       0%         1d3       38%         1
 Slow                     Hex            0%         N/A       54%         2
 Static Discharge         Conj/Air       0%         N/A       54%         2
 Wereblood                Tmut           0%         N/A       54%         2
 Inner Flame              Hex/Fire       0%         N/A       77%         3
 Lesser Beckoning         Tloc           0%         N/A       77%         3
 Portal Projectile        Hex/Tloc       0%         N/A       77%         3
 Spider Form              Tmut/Pois      0%         N/A       77%         3
 Swiftness                Air            0%         N/A       77%         3
 Tukima's Dance           Hex            0%         N/A       77%         3
 Airstrike                Air            0%         N/A       99%         4
 Cause Fear               Hex            0%         N/A       99%         4
 Ice Form                 Ice/Tmut       0%         N/A       99%         4
 Leda's Liquefaction      Hex/Erth       0%         N/A       99%         4
 Alistair's Intoxication  Tmut/Pois      0%         N/A       100%        5
 Lightning Bolt           Conj/Air       0%         1d11      100%        5
 Invisibility             Hex            0%         N/A       100%        6


Dungeon Overview and Level Annotations

Branches:
Dungeon (5/15)
 Temple: D:4-7

Altars:
Elyvilon

Annotations:
D:5 1 runed translucent door


Innate Abilities, Weirdness & Mutations

You have extremely sharp teeth.
Your natural rate of healing is unusually fast.
When hurt, damage is shared between your health and your magic reserves.
Your bite disrupts and absorbs the magic of your enemies.
Potions cannot restore your health.


Message History

The orc barely misses you.
It was a potion of curing.
Your system rejects the healing.
You feel better.
You hear some strange, mumbled words.
Something tries to affect you, but you resist.
The orc hits you with a +0 hand axe.
* * * LOW HITPOINT WARNING * * *
Unknown command.
You barely miss the orc.
The orc is almost dead.
Something hits you but does no damage.
You are poisoned.
The orc hits you with a +0 hand axe.
* * * LOW HITPOINT WARNING * * *
Your system rejects the healing.
You feel better. Something hits you but does no damage.
You are poisoned.
The orc hits you but does no damage.
Unknown command.
You hit the orc.
You kill the orc!
You feel sick. Something hits you.
* * * LOW HITPOINT WARNING * * *
You are lethally poisoned!
Your system rejects the healing.
You feel better. Something hits you but does no damage.
You are poisoned.
You barely miss something.
You feel sick. Something hits you but does no damage.
You are lethally poisoned!
Unknown command.
Okay, then.
You hit something. Your bite misses something.
* * * LOW HITPOINT WARNING * * *
You feel sick.
You closely miss something.
* * * LOW HITPOINT WARNING * * *
You feel sick. Something hits you but does no damage.
You are more poisoned.
You closely miss something. Your bite misses something.
You die...

.... #. ....#.# #+## #.#
....#.# ≈≈≈# #.^ _...^.
≈≈≈# #.# ....# ≈≈≈# #.#
....# ≈≈≈# #.# ... ≈.≈#
#.####^####.. ≈≈≈#
#..{))...)...
≈≈≈#.#########..@#.(###...
≈≈≈#..........[###..#
≈≈≈#.........### ##.#
#†#######...## .< ...#
##...# ... ..#### #...##
#.## .....###..## ..
..........# .........##


There were no monsters in sight!

Vanquished Creatures
  A wyvern zombie (D:3)
  A jelly (D:4)
  4 adders
  A gnoll (D:4)
  A river rat (D:5)
  The ghost of fly the Sneak, a weakling HuDe (D:5)
  A dart slug (D:2)
  11 orcs
  5 endoplasms
  3 giant cockroaches
  5 goblins
  8 hobgoblins
  10 jackals
  4 quokkas
  10 ball pythons
  7 bats
  5 frilled lizards
  8 kobolds
  11 rats
97 creatures vanquished.

Notes
Turn   | Place    | Note
-------+----------+-------------------------------------------
     0 | D:1      | HAL9000 the Vine Stalker Brigand began the quest for the
                  | Orb.
     0 | D:1      | Reached XP level 1. HP: 11/11 MP: 2/2
   112 | D:1      | Reached skill level 5 in Stealth
   199 | D:1      | Reached XP level 2. HP: 15/15 MP: 3/3
   387 | D:1      | Reached skill level 6 in Stealth
   424 | D:1      | Reached XP level 3. HP: 18/18 MP: 4/4
  1023 | D:2      | Found a faded altar of an unknown god.
  1510 | D:2      | Gained mutation: Your natural rate of healing is unusually
                  | fast. [Vine Stalker growth]
  1510 | D:2      | Reached XP level 4. HP: 17/23 MP: 3/5
  1647 | D:3      | Reached skill level 7 in Stealth
  1933 | D:3      | Reached XP level 5. HP: 18/26 MP: 3/6
  2619 | D:4      | Upgraded the game from 0.27-a0-1324-ge0d8e047f6 to
                  | 0.27-a0-1325-g58a489ad9e
  2679 | D:4      | Reached XP level 6. HP: 30/30 MP: 7/7
  3356 | D:5      | Entered Level 5 of the Dungeon
  3359 | D:5      | Noticed a troll
  3444 | D:5      | Found a runed translucent door.
  3447 | D:5      | Noticed fly's ghost (weakling HuDe)
  3506 | D:5      | Killed fly's ghost
  3514 | D:5      | Found a runed translucent door.
  3548 | D:5      | Found a white marble altar of Elyvilon.
  3548 | D:5      | Identified the +2 falchion of the Girdle {freeze, *Rage rN+
                  | Stlth+}
  3577 | D:5      | HP: 1/30 [poisoned by an orc wizard]
  3578 | D:5      | Succumbed to an orc wizard's poison

Illustrated notes

Levels and vault maps discovered:
D:1:      minmay_arrival_nine_rooms, layout_basic
D:2:      layout_loops_cross, shapermc_ecumenical_altar_starsandcircs,
          guppyfry_early_lair_pool
D:3:      layout_basic
D:4:      layout_basic, kennysheep_small_circle
D:5:      layout_cave_pods, lemuel_tele_altar, ebering_ghost_sewer_f

Skill      XL: |  1  2  3  4  5 |
---------------+----------------+-----
Stealth        | 5 6 7 |  7.1
Short Blades   | 3 4 |  4.4
Fighting       | |  1.7
Throwing       | |  1.7
Dodging        | |  0.7

Action                   |  1- 3 |  4- 6 || total
-------------------------+-------+-------++-------
Melee: Dagger            |   116 |   187 ||   303
       Bite              |    18 |    50 ||    68
Throw: Boomerang         |       |    13 ||    13
  Use: Potion            |       |     3 ||     3
 Stab: Sleeping          |    18 |    11 ||    29
       Distracted        |     1 |       ||     1
Armor: Robe              |    40 |    10 ||    50
       Leather armour    |       |    45 ||    45
Dodge: Dodged            |    61 |    62 ||   123

Table legend: (Time is in decaauts)
 A = Elapsed time spent in this place.
 B = Non-inter-level travel time spent in this place.
 C = Inter-level travel time spent in this place.
 D = Time resting spent in this place.
 E = Time spent auto-exploring this place.
 F = Levels seen in this place.
 G = Mean time per level.
                   A        B        C        D        E       F      G
               +--------+--------+--------+--------+--------+-----+--------+
         Total |   3551 |   3395 |    156 |    120 |   2584 |   5 |  710.2 |
       Dungeon |   3551 |   3395 |    156 |    120 |   2584 |   5 |  710.2 |
               +--------+--------+--------+--------+--------+-----+--------+

Top non-repeatable levels by time:
     D:4: 947 daAuts
     D:1: 925 daAuts
     D:3: 809 daAuts
     D:2: 691 daAuts
     D:5: 177 daAuts
